 Dungeon Crawl Stone Soup version 0.22-a0-433-gd2a9cce (webtiles) character file.

235220 Veiltonx the Imperceptible (level 18, -12/93 HPs)
             Began as a Spriggan Enchanter on May 28, 2018.
             Was the Champion of Dithmenos.
             Mangled by a battleaxe of electrocution (17 damage)
             ... on level 2 of the Elven Halls.
             The game lasted 04:18:28 (44033 turns).

Veiltonx the Imperceptible (Spriggan Enchanter)    Turns: 44033, Time: 04:18:28

Health: -12/93     AC: 14    Str:  7    XL:     18   Next: 47%
Magic:  1/35       EV: 25    Int: 27    God:    Dithmenos [******]
Gold:   2656       SH:  9    Dex: 22    Spells: 20/41 levels left

rFire    + . .     SeeInvis +   a - +7 rapier of Ydutagua {pierce, +Fly Str+3}
rCold    . . .     Gourm    .   E - +0 buckler
rNeg     + . .     Faith    .   F - quicksilver dragon scales
rPois    .         Spirit   .   U - +2 hat {Int+3}
rElec    .         Reflect  .   V - scarf {repulsion}
rCorr    .         Harm     .   (gloves unavailable)
MR       +++++     Clarity  +   (boots unavailable)
Stlth    ++++++++++             K - amulet of the Four Winds {rN+ MR+++ Clar}
HPRegen  0.25/turn              G - +5 ring of dexterity
MPRegen  0.24/turn              O - ring of protection from fire

@: wreathed by umbra, repel missiles, very quick
A: very small, unfitting armour, see invisible, herbivore, speed 3, slow
metabolism 2
}: 2/15 runes: decaying, gossamer
a: Shadow Step, Shadow Form, Renounce Religion, Evoke Flight


You were on level 2 of the Elven Halls.
You worshipped Dithmenos.
Dithmenos was exalted by your worship.
You were hungry.

You visited 7 branches of the dungeon, and saw 34 of its levels.
You also visited: Sewer, Ossuary and Volcano.

You collected 3631 gold pieces.
You spent 975 gold pieces at shops.

Inventory:

Hand Weapons
 a - the +7 rapier of Ydutagua (weapon) {pierce, +Fly Str+3}
   (You found it on level 3 of the Lair of Beasts)

   It inflicts extra damage upon your enemies.
   It affects your strength (+3).
   It lets you fly.
 b - a +9 blowgun
 W - the +6 hand crossbow of Doecoj {flame, +Fly SInv}
   (You found it on level 1 of the Elven Halls)

   It causes projectiles fired from it to burn those they strike, causing extra
   injury to most foes and up to half again as much damage against particularly
   susceptible opponents.
   It lets you see invisible.
   It lets you fly.
Missiles
 f - 114 poisoned needles
 w - 8 needles of confusion
 X - 17 curare-tipped needles
 Y - 5 needles of paralysis
 Z - 6 needles of frenzy
Armour
 p - +0 acid dragon scales
 q - a +0 cloak of poison resistance
 E - a +0 buckler (worn)
 F - quicksilver dragon scales (worn)
 S - +0 swamp dragon scales
 U - a +2 hat of intelligence (worn)
 V - a scarf of repulsion (worn)
Jewellery
 G - a +5 ring of dexterity (left hand)
 K - the amulet of the Four Winds (around neck) {rN+ MR+++ Clar}
   (You found it on level 4 of the Lair of Beasts)

   [amulet of nothing]

   It protects you from negative energy.
   It affects your resistance to hostile enchantments.
   It protects you against confusion.
 O - a ring of protection from fire (right hand)
Wands
 c - a wand of iceblast (19)
 m - a wand of acid (38)
 H - a wand of flame (47)
 I - a wand of digging (30)
 J - a wand of scattershot (14)
 M - a wand of enslavement (16)
 P - a wand of paralysis (37)
 T - a wand of clouds (12)
Scrolls
 e - 9 scrolls of fog
 h - 4 scrolls of blinking
 j - a scroll of holy word
 k - 6 scrolls of magic mapping
 l - 22 scrolls of teleportation
 n - 2 scrolls of summoning
 t - 6 scrolls of enchant armour
 v - 11 scrolls of remove curse
 x - 3 scrolls of amnesia
 y - 2 scrolls of enchant weapon
 B - 11 scrolls of identify
 C - 5 scrolls of fear
 R - 5 scrolls of immolation
Potions
 g - 6 potions of heal wounds
 i - 9 potions of lignification
 o - 4 potions of agility
 r - 5 potions of ambrosia
 s - 4 potions of flight
 u - 14 potions of curing
 z - 7 potions of brilliance
 A - 4 potions of haste
 D - 6 potions of cancellation
 L - a potion of resistance
 N - 3 potions of invisibility
 Q - 2 potions of magic
Comestibles
 d - 36 rations


   Skills:
 - Level 10.0 Fighting
 - Level 14.0 Short Blades
 - Level 8.0 Armour
 - Level 12.4 Dodging
 + Level 22.4 Stealth
 - Level 7.2 Shields
 + Level 12.3 Spellcasting
 - Level 4.0 Conjurations
 + Level 11.4 Hexes
 - Level 4.0 Charms
 - Level 4.0 Ice Magic
 - Level 4.6 Air Magic
 - Level 11.0 Invocations


You had 20 spell levels left.
You knew the following spells:

 Your Spells              Type           Power        Failure   Level  Hunger
a - Corona                Hex            ######.      1%          1    None
b - Ensorcelled Hibernat  Hex/Ice        ######       1%          2    None
c - Confuse               Hex            ######..     1%          3    None
d - Dazzling Spray        Conj/Hex       ######       1%          3    None
e - Deflect Missiles      Chrm/Air       #####.....   94%         6    #####..
f - Invisibility          Hex            ######..     13%         6    #####..

Your spell library contained the following spells:

 Spells                   Type           Power        Failure   Level  Hunger
 Cause Fear               Hex            ######....   1%          4    None
 Magic Dart               Conj           ####         1%          1    None
 Fireball                 Conj/Fire      ####......   75%         5    ###....
 Apportation              Tloc           ###...       10%         1    None
 Conjure Flame            Conj/Fire      ####....     12%         3    None
 Throw Flame              Conj/Fire      ####..       6%          2    None
 Freezing Cloud           Conj/Ice/Air   #####.....   95%         6    #####..
 Mephitic Cloud           Conj/Pois/Air  ####....     9%          3    None
 Ring of Flames           Chrm/Fire      ####......   100%        7    ######.
 Venom Bolt               Conj/Pois      ####......   75%         5    ###....
 Olgreb's Toxic Radiance  Pois           ###.....     67%         4    None
 Summon Small Mammal      Summ           ###.         10%         1    None
 Iskenderun's Mystic Bla  Conj           #####...     19%         4    None
 Animate Skeleton         Necr           N/A          10%         1    None
 Sticky Flame             Conj/Fire      ####....     38%         4    None
 Summon Ice Beast         Ice/Summ       ####....     38%         4    None
 Sting                    Conj/Pois      ####         4%          1    None
 Tukima's Dance           Hex            ######..     1%          3    None
 Stone Arrow              Conj/Erth      ####..       12%         3    None
 Swiftness                Chrm/Air       #####...     2%          2    None
 Spider Form              Tmut/Pois      ###.......   28%         3    None
 Blade Hands              Tmut           ###.......   95%         5    ###....
 Statue Form              Tmut/Erth      ###......    100%        6    #####..
 Ice Form                 Ice/Tmut       ####....     38%         4    None
 Dragon Form              Tmut           ###.......   100%        7    ######.
 Confusing Touch          Hex            ######       1%          1    None
 Flame Tongue             Conj/Fire      ####.        4%          1    None
 Passwall                 Tmut/Erth      ###.....     14%         2    None
 Sticks to Snakes         Tmut           ###.....     14%         2    None
 Call Canine Familiar     Summ           ###.....     28%         3    None
 Summon Butterflies       Summ           ###.....     10%         1    None
 Silence                  Hex/Air        ######....   10%         5    ###....
 Lee's Rapid Deconstruct  Erth           ###.......   95%         5    ###....
 Sandblast                Erth           ###...       10%         1    None
 Petrify                  Tmut/Erth      ###.....     67%         4    None
 Passage of Golubria      Tloc           N/A          67%         4    None
 Summon Hydra             Summ           ###.......   100%        7    ######.
 Darkness                 Hex            ######....   13%         6    #####..
 Inner Flame              Hex/Fire       #####...     2%          3    None
 Beastly Appendage        Tmut           ###...       10%         1    None
 Fulminant Prism          Conj/Hex       ######....   4%          4    None
 Force Lance              Conj/Tloc      ####....     38%         4    None
 Searing Ray              Conj           #####.       2%          2    None
 Discord                  Hex            ######....   99%         8    #######
 Summon Mana Viper        Hex/Summ       #####...     26%         5    ###....
 Hydra Form               Tmut           ###.......   100%        6    #####..
 Irradiate                Conj/Tmut      ####......   75%         5    ###....
 Yara's Violent Unravell  Hex/Tmut       #####.....   26%         5    ###....
 Poisonous Vapours        Pois/Air       ####..       5%          2    None


Dungeon Overview and Level Annotations

Branches:
Dungeon (15/15)            Temple (1/1) D:6            Lair (6/6) D:11
  Swamp (4/4) Lair:2       Spider (4/4) Lair:3        Slime (0/5) Lair:5
    Orc (2/2) D:9             Elf (2/3) Orc:2        Vaults (0/5) D:13
 Depths (0/5) D:15

Altars:
Ashenzari
Cheibriados
Dithmenos
Elyvilon
Fedhas
Gozag
Hepliaklqana
Kikubaaqudgha
Makhleb
Nemelex Xobeh
Okawaru
Qazlal
Ru
Sif Muna
Trog
Uskayaw
Vehumet
Wu Jian
Xom
Yredelemnul
Zin
The Shining One
Beogh
Jiyva

Shops:
Orc:2 [[!%   Elf:1 :

Annotations:
Swamp:2 Nikola


Innate Abilities, Weirdness & Mutations

You are very small and have problems with some larger weapons.
You are too small for most types of armour.
You have supernaturally acute eyesight. (SInv)
You are a herbivore.
You cover ground extremely quickly.
You need to consume almost no food.


Message History

The plant is lightly damaged.
The spray of energy hits the plant.
The plant is moderately damaged.
Casting: Dazzling Spray (safe; 1% risk of failure)
Confirm with . or Enter, or press ? or * to list all spells.
Aiming: Dazzling Spray (safe; 1% risk of failure)
Press: ? - help, Shift-Dir - straight line, f/p - battleaxe of electrocution
Aim: a battleaxe of electrocution (moderately damaged, umbra)
The spray of energy hits the battleaxe of electrocution.
The battleaxe of electrocution is heavily damaged.
The spray of energy hits the plant.
The plant is moderately damaged.
The spray of energy hits the plant.
The plant is moderately damaged.
Your shadow mimicks your spell!
The shadow shard misses the battleaxe of electrocution.
The battleaxe of electrocution hits you!!
* * * LOW HITPOINT WARNING * * *
You emit a cloud of dark smoke.
You are electrocuted!
You die...

*,*,,,*#.#########
##'#### ,*,,,,,*,*
##.## ,,,,,,,,,*
##.## ,,,,,,,,,*
#####.##
,,,,,,,,,*
##.##.##
,,,,,,,*,*
##.P.'##
,8,,,,*,,*
##.....##
,,,,,,,***
#§P§..P.#
,,,,,,,,*
##@(...##
,,,,,,,,* ##§P))##
### ,,,,,,,,*
##.##.## ##.##
,*,,,,,**
#####(####...##
*,*,,,**
##(.#.....##
*******
##'.e...(.#
##.)....... ****
##..........
*,,***
#..§...♣....


You could see a battleaxe of electrocution.

Vanquished Creatures
  Jorgrun (Swamp:2)
  Rupert (D:15)
  A thorn hunter (Swamp:4)
  Gastronok (Lair:1)
  Kirke (Swamp:3)
  Roxanne (D:15)
  5 ghost moths
  8 emperor scorpions
  Louise (Swamp:2)
  Aizul (Swamp:3)
  A deep elf elementalist (Elf:2)
  Nessos (D:15)
  A deep elf demonologist (Elf:2)
  2 dire elephants (Lair:6)
  2 spark wasps (Spider:2)
  Snorg (Orc:1)
  Josephine (Lair:6)
  Erolcha (D:10)
  A deep elf high priest (Elf:1)
  4 ghost crabs
  An anaconda (Lair:6)
  19 hydras
  4 centaur warriors
  Erica (Orc:1)
  11 alligators
  8 two-headed ogres
  7 death yaks (Lair:6)
  An ogre mage (Orc:2)
  Urug (Lair:5)
  5 dancing weapons
  Sonja (Lair:2)
  3 orc high priests (Orc:2)
  7 deep elf knights
  3 unseen horrors
  6 deep elf archers
  A death drake (shapeshifter) (D:15)
  A wizard (D:12)
  14 swamp dragons
  2 shambling mangroves (Swamp:4)
  2 lindwurms (Volcano)
  A necromancer (D:13)
  6 orc knights (Orc:2)
  2 wolf spider zombies
  6 oklob plants
  20 orb spiders
  A salamander (D:15)
  25 wolf spiders
  14 ugly things
  4 manticores
  25 deep elf magi
  4 orc sorcerers (Orc:2)
  5 cyclopes
  2 toenail golems (Volcano)
  11 elephants
  6 black mambas
  Maurice (Orc:2)
  A molten gargoyle (Volcano)
  An eye of devastation (shapeshifter) (D:13)
  4 torpor snails
  2 gargoyles
  3 rime drakes
  6 komodo dragons
  12 spiny frogs
  2 freezing wraiths
  12 demonic crawlers
  4 trolls
  37 jumping spiders
  16 tyrant leeches
  A wolf spider simulacrum (D:15)
  6 bog bodies
  3 polar bears
  8 blink frogs
  A hornet (shapeshifter) (D:14)
  10 hornets
  10 hippogriffs
  12 slime creatures
  3 spriggans
  A vampire (D:13)
  5 water elementals
  93 redbacks
  4 shadows
  4 wyverns
  3 air elementals
  34 yaks
  33 tarantellas
  7 wraiths
  The ghost of Veiltonx the Sneak, an amateur SpEn of Dithmenos (D:4)
  3 fire elementals
  17 vampire mosquitoes
  6 basilisks
  A golden eye (shapeshifter) (Elf:2)
  5 hogs
  2 hungry ghosts
  17 swamp worms
  A warg (Orc:2)
  A soldier ant (D:12)
  8 insubstantial wisps
  2 acid dragons
  9 porcupines
  7 water moccasins
  12 swamp drakes
  28 orc warriors
  8 ice beasts
  A sky beast (D:9)
  2 black bears
  8 centaurs
  15 ogres
  A phantom (D:14)
  An eye of draining (D:11)
  A necrophage (D:10)
  9 wolves
  8 crocodiles
  2 big kobolds
  15 bullfrogs
  7 earth elementals
  A water moccasin zombie (D:12)
  11 scorpions
  9 killer bees
  8 wights
  7 electric eels
  2 centaur zombies
  3 crimson imps
  3 human zombies (Ossuary)
  A bullfrog zombie (D:13)
  4 hounds
  17 orc priests
  7 centaur skeletons
  8 jellies
  2 bullfrog skeletons
  2 iguanas
  26 orc wizards
  16 worker ants
  A big kobold zombie (Ossuary)
  A hound zombie (D:11)
  2 hound skeletons
  2 mummies (Ossuary)
  2 worker ant zombies
  3 gnolls (D:3)
  6 scorpion zombies (Ossuary)
  15 adders
  A howler monkey skeleton (D:11)
  A shadow imp (D:15)
  12 white imps (D:14)
  An adder zombie (D:7)
  An adder skeleton (D:7)
  4 worms
  4 dart slugs (D:1)
  7 leopard geckos
  78 orcs
  15 bats
  8 giant cockroaches
  4 gnoll zombies (Ossuary)
  11 goblins
  6 hobgoblins
  19 jackals
  5 quokkas
  3 ball pythons
  7 frilled lizards
  2 goblin zombies (Ossuary)
  A hobgoblin zombie (Ossuary)
  15 kobolds
  A kobold zombie (Ossuary)
  A leopard gecko skeleton (D:5)
  A leopard gecko zombie (D:5)
  An orc zombie (Ossuary)
  A quokka skeleton (D:8)
  8 rats
  A fungus (Lair:4)
  3 plants (Lair:6)
1184 creatures vanquished.

Vanquished Creatures (collateral kills)
  A plant (Lair:4)
1 creature vanquished.

Vanquished Creatures (others)
  A wolf spider (Spider:4)
  A redback (Spider:4)
  An orc wizard (Orc:2)
  A mummy (Ossuary)
  A fungus (Lair:5)
  4 plants
9 creatures vanquished.

Grand Total: 1194 creatures vanquished

Notes
Turn   | Place    | Note
-------+----------+-------------------------------------------
     0 | D:1      | Veiltonx the Spriggan Enchanter began the quest for the Orb.
     0 | D:1      | Reached XP level 1. HP: 9/9 MP: 5/5
   105 | D:1      | Reached XP level 2. HP: 11/13 MP: 6/6
   114 | D:1      | Learned a level 2 spell: Ensorcelled Hibernation
   740 | D:2      | Reached XP level 3. HP: 16/16 MP: 8/8
   745 | D:2      | Learned a level 3 spell: Confuse
   874 | D:2      | Reached skill level 5 in Stealth
  1361 | D:2      | Reached XP level 4. HP: 21/21 MP: 10/10
  1386 | D:2      | Reached skill level 1 in Ice Magic
  1812 | D:3      | Found a sparkling altar of Nemelex Xobeh.
  2113 | D:3      | Noticed an ogre
  2162 | D:3      | Reached XP level 5. HP: 24/24 MP: 6/11
  2165 | D:3      | Killed an ogre
  2195 | D:3      | Reached skill level 6 in Stealth
  2286 | D:3      | Reached XP level 6. HP: 12/28 MP: 13/13
  2615 | D:3      | Learned a level 3 spell: Dazzling Spray
  3409 | D:4      | Found a bloodstained altar of Trog.
  3473 | D:4      | Noticed Veiltonx's ghost (amateur SpEn)
  3506 | D:4      | Killed Veiltonx's ghost
  3506 | D:4      | Reached skill level 5 in Hexes
  3614 | D:4      | Found a snail-covered altar of Cheibriados.
  3614 | D:4      | Found a stormy altar of Qazlal.
  3616 | D:4      | Found a shattered altar of Ashenzari.
  3783 | D:5      | Entered Level 5 of the Dungeon
  4019 | D:5      | Found a glowing drain.
  4025 | D:5      | Reached XP level 7. HP: 6/32 MP: 6/15
  4030 | Sewer    | Entered a sewer
  4648 | D:5      | Reached skill level 7 in Stealth
  4745 | D:5      | Reached skill level 5 in Spellcasting
  5412 | D:6      | Reached XP level 8. HP: 19/36 MP: 17/17
  5465 | D:6      | Reached skill level 8 in Stealth
  5637 | D:6      | Found a staircase to the Ecumenical Temple.
  5654 | Temple   | Entered the Ecumenical Temple
  5706 | Temple   | Became a worshipper of Dithmenos the Shadowed
  5979 | D:6      | Found a shimmering altar of Xom.
  6114 | D:6      | Reached skill level 5 in Short Blades
  6609 | D:7      | Reached skill level 1 in Armour
  6695 | D:7      | Reached skill level 9 in Stealth
  7062 | D:8      | Reached XP level 9. HP: 10/39 MP: 19/19
  7066 | D:8      | Reached * piety under Dithmenos
  7176 | D:8      | Found Puycoc's Book Emporium.
  7241 | D:8      | Found a sand-covered staircase.
  7307 | Ossuary  | Entered an ossuary
  7730 | Ossuary  | Reached skill level 10 in Stealth
  8086 | Ossuary  | Reached ** piety under Dithmenos
  8307 | Ossuary  | Reached skill level 1 in Conjurations
  8699 | D:9      | Found a roughly hewn altar of Beogh.
  8699 | D:9      | Found a staircase to the Orcish Mines.
  8700 | D:9      | Noticed a gargoyle
  8756 | D:9      | Killed a gargoyle
  8840 | D:9      | Reached skill level 11 in Stealth
  8929 | D:9      | Reached XP level 10. HP: 27/44 MP: 11/21
  9062 | D:9      | Found a glowing golden altar of the Shining One.
  9347 | D:9      | Paralysed by a hornet for 1 turns
  9365 | D:9      | Found a glowing golden altar of the Shining One.
  9407 | D:9      | Reached *** piety under Dithmenos
  9929 | D:10     | Entered Level 10 of the Dungeon
 10077 | D:10     | Found a viscous altar of Jiyva.
 10270 | D:10     | Noticed an unseen horror
 10276 | D:10     | Killed an unseen horror
 10276 | D:10     | Reached skill level 12 in Stealth
 10310 | D:10     | Noticed a two-headed ogre
 10319 | D:10     | Killed a two-headed ogre
 10391 | D:10     | Noticed Erolcha
 10399 | D:10     | Killed Erolcha
 10399 | D:10     | Reached XP level 11. HP: 47/47 MP: 22/24
 10647 | D:11     | Reached **** piety under Dithmenos
 10658 | D:11     | Found a staircase to the Lair.
 11172 | D:11     | Noticed a two-headed ogre
 11179 | D:11     | Killed a two-headed ogre
 11179 | D:11     | Reached skill level 5 in Armour
 11280 | D:11     | Reached skill level 13 in Stealth
 11628 | D:11     | Noticed a two-headed ogre
 11635 | D:11     | Killed a two-headed ogre
 11635 | D:11     | Reached skill level 1 in Fighting
 11635 | D:11     | Reached skill level 5 in Dodging
 11863 | Lair:1   | Entered Level 1 of the Lair of Beasts
 11950 | Lair:1   | Noticed Gastronok
 11972 | Lair:1   | Killed Gastronok
 12158 | Lair:1   | Noticed an eight-headed hydra
 12164 | Lair:1   | Killed an eight-headed hydra
 12220 | Lair:1   | Reached skill level 10 in Hexes
 12301 | Lair:1   | Reached XP level 12. HP: 39/55 MP: 12/26
 12389 | Lair:1   | Reached skill level 10 in Spellcasting
 12772 | Lair:1   | Reached skill level 14 in Stealth
 13003 | Lair:2   | Reached skill level 10 in Short Blades
 13056 | Lair:2   | Reached ***** piety under Dithmenos
 13058 | Lair:2   | Reached skill level 1 in Invocations
 13074 | Lair:2   | Found a staircase to the Swamp.
 13323 | Lair:2   | Noticed Sonja
 13330 | Lair:2   | Killed Sonja
 14366 | Lair:3   | Got a twisted rapier
 14374 | Lair:3   | Identified the +7 rapier of Ydutagua {pierce, +Fly Str+3} (You found it on level 3 of the Lair of Beasts)
 14413 | Lair:3   | Reached skill level 15 in Stealth
 14542 | Lair:3   | Noticed a four-headed hydra
 14611 | Lair:3   | Killed a four-headed hydra
 14778 | Lair:3   | Found a hole to the Spider Nest.
 15077 | Lair:4   | Noticed a seven-headed hydra
 15101 | Lair:4   | Killed a seven-headed hydra
 15101 | Lair:4   | Reached XP level 13. HP: 50/62 MP: 23/28
 15351 | Lair:4   | Reached skill level 5 in Fighting
 15494 | Lair:4   | Reached skill level 10 in Dodging
 15567 | Lair:4   | Found the amulet of the Four Winds {rN+ MR+++ Clar}
 15944 | Lair:4   | Reached skill level 5 in Invocations
 16312 | Lair:5   | Noticed Urug
 16327 | Lair:5   | Got a tattered robe
 16338 | Lair:5   | Identified the cursed +1 robe "Ethre" {rPois SInv} (You found it on level 5 of the Lair of Beasts)
 16363 | Lair:5   | Killed Urug
 16532 | Lair:5   | Identified a scroll of acquirement
 16711 | Lair:5   | Reached skill level 1 in Shields
 16791 | Lair:5   | Found a viscous altar of Jiyva.
 16798 | Lair:5   | Found a staircase to the Slime Pits.
 16799 | Lair:5   | Reached skill level 16 in Stealth
 17108 | Lair:6   | Entered Level 6 of the Lair of Beasts
 17461 | Lair:6   | Noticed Josephine
 17466 | Lair:6   | Killed Josephine
 18357 | Lair:6   | Reached XP level 14. HP: 50/69 MP: 15/29
 18939 | Lair:6   | Got a polished buckler
 18940 | Lair:6   | Identified the +0 buckler "Teoconie" {MR++ Int+6 Dex-5} (You found it on level 6 of the Lair of Beasts)
 19205 | Orc:1    | Entered Level 1 of the Orcish Mines
 19205 | Orc:1    | Noticed Erica
 19207 | Orc:1    | Killed Erica
 19298 | Orc:1    | Noticed Snorg
 19300 | Orc:1    | Found a roughly hewn altar of Beogh.
 19304 | Orc:1    | Killed Snorg
 19377 | Orc:1    | Found a dark tunnel.
 19432 | Volcano  | Entered a volcano
 19674 | Volcano  | Reached skill level 17 in Stealth
 20040 | Orc:2    | Entered Level 2 of the Orcish Mines
 20119 | Orc:2    | Noticed Maurice
 20217 | Orc:2    | Killed Maurice
 20660 | Orc:2    | Found a staircase to the Elven Halls.
 22528 | Orc:2    | Reached ****** piety under Dithmenos
 22534 | Orc:2    | Found Jasuriun's Armour Shop.
 22534 | Orc:2    | Found Kisumair's Armour Shoppe.
 22536 | Orc:2    | Found Xatrulla's Distillery.
 22536 | Orc:2    | Found Aqoicaf's Food Shoppe.
 24010 | D:13     | Reached XP level 15. HP: 76/76 MP: 24/30
 24016 | D:13     | Reached skill level 18 in Stealth
 24031 | D:13     | Found a gate to the Vaults.
 24427 | D:13     | Reached skill level 5 in Shields
 25098 | D:14     | Found a frozen archway.
 25618 | D:14     | Found a bloodstained altar of Trog.
 25968 | D:15     | Entered Level 15 of the Dungeon
 26201 | D:15     | Noticed Roxanne
 27475 | D:15     | Killed Roxanne
 27476 | D:15     | Identified Roxanne's Collected Works on Changing (You took it off Roxanne on level 15 of the Dungeon)
 27496 | D:15     | Noticed Rupert
 27503 | D:15     | Killed Rupert
 27586 | D:15     | Found a staircase to the Depths.
 27943 | D:15     | Noticed Nessos
 27952 | D:15     | Killed Nessos
 28297 | Swamp:1  | Entered Level 1 of the Swamp
 28319 | Swamp:1  | HP: 1/77 [alligator (18)]
 29118 | Swamp:1  | Reached skill level 19 in Stealth
 29700 | Swamp:2  | Noticed Jorgrun
 29703 | Swamp:2  | Killed Jorgrun
 29718 | Swamp:2  | Noticed Nikola
 29862 | Swamp:2  | Noticed Louise
 29867 | Swamp:2  | Killed Louise
 29939 | Swamp:2  | Reached skill level 10 in Invocations
 29946 | Swamp:2  | Reached XP level 16. HP: 84/84 MP: 27/31
 30297 | Swamp:3  | Noticed Kirke
 30919 | Swamp:3  | Killed Kirke
 31283 | Swamp:3  | Noticed Aizul
 31290 | Swamp:3  | Killed Aizul
 31381 | Swamp:4  | Entered Level 4 of the Swamp
 32511 | Swamp:4  | Reached skill level 20 in Stealth
 32603 | Swamp:4  | Noticed a thorn hunter
 33075 | Swamp:4  | HP: 2/84 [seven-headed hydra (11)]
 34512 | Swamp:4  | Killed a thorn hunter
 34942 | Swamp:4  | Got a decaying rune of Zot
 35095 | Spider:1 | Entered Level 1 of the Spider Nest
 35135 | Spider:1 | Reached skill level 10 in Fighting
 35763 | Spider:1 | Reached XP level 17. HP: 20/89 MP: 27/32
 37588 | Spider:2 | Learned a level 6 spell: Deflect Missiles
 37726 | Spider:2 | Reached skill level 1 in Charms
 37732 | Spider:2 | Reached skill level 1 in Air Magic
 38188 | Spider:2 | Reached skill level 21 in Stealth
 39235 | Spider:4 | Entered Level 4 of the Spider Nest
 41669 | Spider:4 | Reached XP level 18. HP: 93/93 MP: 32/35
 41761 | Spider:4 | Got a gossamer rune of Zot
 42086 | Elf:1    | Entered Level 1 of the Elven Halls
 42249 | Elf:1    | Found Beach's Book Shoppe.
 42258 | Elf:1    | Bought a book of Burglary for 975 gold pieces
 42265 | Elf:1    | Learned a level 6 spell: Invisibility
 42785 | Elf:1    | Reached skill level 22 in Stealth
 42797 | Elf:1    | Got a bone hand crossbow
 42798 | Elf:1    | Identified the +6 hand crossbow of Doecoj {flame, +Fly SInv} (You found it on level 1 of the Elven Halls)
 44033 | Elf:2    | Mangled by a battleaxe of electrocution

Vault maps used:
D:1:      scummos_arrival_checkerplants, roderic_lattice_a
D:3:      wad_river_or_something, nicolae_overflow_crystal_walls,
          minmay_liquid_box
D:4:      gammafunk_temple_overflow_claw, first_ration, serial_bayou_lagoon_a,
          trog_hazing_becter
D:5:      gup_sewer_entry_glass
D:6:      lemuel_doored_altar, minmay_temple_entry_grid
D:7:      grunt_ogre_cave
D:8:      nicolae_ossuary_entry_false_entrances, serial_shops,
          nicolae_shop_behind_doors, feat_on_display
D:9:      lemuel_crystal_altar, david_orc_5, tso_altar
D:10:     jiyva_altar_1, uniq_erolcha
D:11:     grunt_lair_entry_orc_guard_hut
D:12:     minmay_dotted_concentric_squares, serial_glass, glass_columns_b,
          glass_columns_a, solitary_fountain
D:13:     david_vaults_1
D:14:     portal_ice_cave_entry_imps, lemuel_tele_altar
D:15:     hangedman_depths_entry_try_elsewhere_first, dk_noncrumbling_3,
          kennysheep_crisscross, grunt_decor_cap, corexii_hall_statues_u,
          uniq_nessos, uniq_rupert, uniq_roxanne
Temple:   compressed_dpeg_circular_temple
Lair:1:   uniq_gastronok
Lair:2:   minmay_swamp_entry_swarm, serial_bayou_ford_a, beast_lair_carwin_3,
          serial_bayou_shore_a, infiniplex_staircase_pool, uniq_sonja
Lair:3:   dpeg_oklob_gauntlet, nicolae_spider_entry_non_spiders
Lair:4:   minmay_lair_oklob_chamber
Lair:5:   slime_altar_1, disabler_island, grunt_megastairs_3, uniq_urug
Lair:6:   due_jungle_book, uniq_josephine
Swamp:1:  evilmike_swamp_ruin_rubble_1
Swamp:2:  serial_swamp_ruin, hangedman_swamp_ruin_hall,
          evilmike_swamp_ruin_house_5, uniq_nikola, uniq_jorgrun, uniq_louise
Swamp:3:  evilmike_swamp_ruin_house_1, uniq_kirke, uniq_aizul
Swamp:4:  swamp
Spider:2: cheibrodos_forgotten_conduit
Spider:3: spider_trap, spiders_nest_the_unseen
Spider:4: grunt_spider_rune_circles
Orc:1:    enter_volcano_1, nicolae_orc_lost_temple, uniq_erica, uniq_snorg
Orc:2:    grunt_orc_tribal_feast, mines4_lemuel, uniq_maurice
Elf:1:    elf_arrival_001, serial_shops, shop, kennysheep_underground_church,
          grunt_ministairs_11
Sewer:    sewer_fruit_machine
Ossuary:  ossuary_minmay_scorpions
Volcano:  volcano_aerie

Skill      XL: |  1  2  3  4  5  6  7  8  9 10 11 12 13 14 15 16 17 18 |
---------------+-------------------------------------------------------+-----
Spellcasting   | 3 4 5 6 7 8 9 10 12 | 12.3
Hexes          | 4 5 6 7 8 10 11 | 11.4
Stealth        | 5 6 7 9 11 12 13 15 16 17 19 20 21 22 | 22.4
Short Blades   | 2 3 4 5 7 8 9 11 12 13 14 | 14.0
Ice Magic      | 1 2 3 4 |  4.0
Dodging        | 4 6 9 10 11 12 | 12.4
Armour         | 1 3 4 5 6 8 |  8.0
Conjurations   | 2 3 4 |  4.0
Fighting       | 2 4 6 7 9 10 | 10.0
Invocations    | 4 6 8 10 11 | 11.0
Shields        | 2 4 6 7 |  7.2
Charms         | 4 |  4.0
Air Magic      | 4 |  4.6

Action                   |  1- 3 |  4- 6 |  7- 9 | 10-12 | 13-15 | 16-18 || total
-------------------------+-------+-------+-------+-------+-------+-------++-------
Melee: Short sword       |    67 |   172 |   508 |   364 |       |       ||  1111
       Dagger            |     1 |       |       |       |       |       ||     1
       Rapier            |       |       |       |    71 |  1111 |  1063 ||  2245
 Fire: Hunting sling     |     3 |    26 |    28 |     4 |       |       ||    61
       Blowgun           |       |       |       |     6 |     9 |       ||    15
Throw: Stone             |       |     1 |     8 |     1 |       |       ||    10
 Cast: Ensorcelled Hiber |     2 |     9 |    34 |   107 |   215 |   388 ||   755
       Confuse           |       |     7 |    19 |    19 |    40 |    50 ||   135
       Dazzling Spray    |       |       |     5 |    38 |    81 |    51 ||   175
Invok: Shadow Step       |       |       |       |       |     7 |     6 ||    13
Evoke: Wand              |       |       |       |       |    31 |     6 ||    37
  Use: Scroll            |       |     4 |    13 |    12 |    14 |     9 ||    52
       Potion            |       |       |       |       |     1 |     3 ||     4
 Stab: Sleeping          |    12 |    16 |    46 |   108 |   164 |   288 ||   634
       Confused          |       |     1 |    12 |     8 |    23 |    18 ||    62
       Distracted        |       |       |     3 |     2 |    14 |     7 ||    26
       Invisible         |       |       |     1 |     1 |    10 |     3 ||    15
  Eat: Ration            |       |       |     4 |     2 |     8 |     8 ||    22
Armor: Robe              |     5 |    17 |    54 |       |       |       ||    76
       Quicksilver drago |       |       |    12 |    77 |    99 |   198 ||   386
Dodge: Dodged            |    42 |   174 |   340 |   283 |   539 |   922 ||  2300
       Deflected         |       |       |       |       |       |     7 ||     7
Block: Buckler           |       |       |       |       |       |   351 ||   351

Table legend:
 A = Spawn XP
 B = Non-spawn XP
 C = Spawn XP percentage of total XP
 D = Spawn monster count
 E = Non-spawn monster count
 F = Spawn count percentage of total count
 G = Total turns spent on level
                    A         B        C        D         E        F      G
               +---------+---------+-------+---------+---------+-------+---------
         Total |       0 |  330552 |   0.0 |       0 |    1182 |   0.0 | 44033
               +---------+---------+-------+---------+---------+-------+---------
           D:1 |       0 |      39 |   0.0 |       0 |      19 |   0.0 |   728
           D:2 |       0 |     122 |   0.0 |       0 |      25 |   0.0 |  1056
           D:3 |       0 |     232 |   0.0 |       0 |      33 |   0.0 |  1045
           D:4 |       0 |     234 |   0.0 |       0 |      13 |   0.0 |   954
           D:5 |       0 |     709 |   0.0 |       0 |      20 |   0.0 |   987
           D:6 |       0 |     584 |   0.0 |       0 |      11 |   0.0 |   712
           D:7 |       0 |     704 |   0.0 |       0 |      20 |   0.0 |   822
           D:8 |       0 |     788 |   0.0 |       0 |      16 |   0.0 |   595
           D:9 |       0 |    2518 |   0.0 |       0 |      51 |   0.0 |  1342
          D:10 |       0 |    4509 |   0.0 |       0 |      25 |   0.0 |   775
          D:11 |       0 |    5007 |   0.0 |       0 |      38 |   0.0 |  1446
          D:12 |       0 |   10196 |   0.0 |       0 |      35 |   0.0 |   965
          D:13 |       0 |   11614 |   0.0 |       0 |      48 |   0.0 |  1154
          D:14 |       0 |    7769 |   0.0 |       0 |      43 |   0.0 |  1098
          D:15 |       0 |   16126 |   0.0 |       0 |      24 |   0.0 |  2167
        Lair:1 |       0 |    7909 |   0.0 |       0 |      24 |   0.0 |  1370
        Lair:2 |       0 |    4953 |   0.0 |       0 |      26 |   0.0 |  1284
        Lair:3 |       0 |    8575 |   0.0 |       0 |      40 |   0.0 |   963
        Lair:4 |       0 |    9594 |   0.0 |       0 |      25 |   0.0 |  1192
        Lair:5 |       0 |    4864 |   0.0 |       0 |      18 |   0.0 |   981
        Lair:6 |       0 |   18059 |   0.0 |       0 |      40 |   0.0 |  1803
       Swamp:1 |       0 |   10661 |   0.0 |       0 |      23 |   0.0 |  1250
       Swamp:2 |       0 |   12619 |   0.0 |       0 |      27 |   0.0 |   757
       Swamp:3 |       0 |   12901 |   0.0 |       0 |      31 |   0.0 |  2236
       Swamp:4 |       0 |   33485 |   0.0 |       0 |      66 |   0.0 |  2279
      Spider:1 |       0 |   14615 |   0.0 |       0 |      53 |   0.0 |  1724
      Spider:2 |       0 |   30182 |   0.0 |       0 |      86 |   0.0 |  1676
      Spider:3 |       0 |   12630 |   0.0 |       0 |      28 |   0.0 |  1854
      Spider:4 |       0 |   35400 |   0.0 |       0 |      74 |   0.0 |  1545
         Orc:1 |       0 |    2554 |   0.0 |       0 |      12 |   0.0 |   550
         Orc:2 |       0 |   12757 |   0.0 |       0 |      72 |   0.0 |  2713
         Elf:1 |       0 |   17918 |   0.0 |       0 |      34 |   0.0 |  1086
         Elf:2 |       0 |   15397 |   0.0 |       0 |      25 |   0.0 |   861
         Sewer |       0 |      28 |   0.0 |       0 |      16 |   0.0 |   580
       Ossuary |       0 |     955 |   0.0 |       0 |      31 |   0.0 |  1040
       Volcano |       0 |    3345 |   0.0 |       0 |      10 |   0.0 |   312
               +---------+---------+-------+---------+---------+-------+---------
